 Dungeon Crawl Stone Soup version 0.31-a0-358-gac0dbeb3ab (webtiles) character file.

Game seed: 13008561741676647190

617 Dordric the Ruffian (level 7, -4/47 HPs)
             Began as a Vampire Shapeshifter on July 26, 2023.
             Was a Follower of Okawaru.
             Slain by a gnoll
             ... wielding a +0 flail
              (5 damage)
             ... on level 4 of the Dungeon.
             The game lasted 00:02:53 (2722 turns).

Dordric the Ruffian (Vampire Shapeshifter)          Turns: 2722, Time: 00:02:54

Health: -4/47      AC:  7    Str: 16    XL:     7   Next: 21%
Magic:  7/7        EV: 11    Int: 11    God:    Okawaru [*.....]
Gold:   208        SH:  5    Dex: 14    Spells: 6/6 levels left

rFire   . . .        r - +1 mace (heavy)
rCold   . . .        (no shield)
rNeg    . . .        t - +2 ring mail {Will+}
rPois   .            (helmet currently unavailable)
rElec   .            (cloak currently unavailable)
rCorr   .            (gloves currently unavailable)
SInv    +            (boots currently unavailable)
Will    +....        m - amulet of reflection
Stlth   +            (no ring)
HPRegen 0.47/turn    (no ring)
MPRegen 0.10/turn

%: reflection
@: beast-form, healing quickly
A: beast (slay +4), alive, fangs 3, see invisible, vampiric 2
a: Exsanguinate, Begin Untransformation, Renounce Religion, Heroism


You were on level 4 of the Dungeon.
You worshipped Okawaru.
Okawaru was aware of your devotion.
You were a hulking beast.
You visited 1 branch of the dungeon, and saw 4 of its levels.

You collected 208 gold pieces.

Inventory:

Hand Weapons
 r - a +1 heavy mace (weapon)
Armour
 a - a +0 animal skin
 f - a +0 ring mail
 t - a +2 ring mail of willpower (worn)
Jewellery
 m - an amulet of reflection (around neck)
Talismans
 c - a beast talisman
Wands
 u - a wand of flame (9)
Scrolls
 g - a scroll of immolation
 h - a scroll of fog {unknown}
 k - a scroll of fear {unknown}
 l - a scroll of silence {unknown}
 n - a scroll of poison {unknown}
 p - a scroll of torment {unknown}
 q - 3 scrolls of identify
 v - a scroll of amnesia {unknown}
Potions
 b - 2 potions of lignification
 d - a potion of attraction {unknown}
 e - 2 potions of heal wounds {unknown}
 i - a potion of enlightenment {unknown}
 o - a potion of resistance {unknown}
 s - a potion of might {unknown}


   Skills:
 - Level 0.8 Fighting
 - Level 2.1 Dodging
 + Level 6.9 Unarmed Combat
 + Level 6.0 Shapeshifting


You had 6 spell levels left.
You didn't know any spells.
Your spell library contained the following spells:

 Spells                   Type           Power      Damage    Failure   Level
 Vhi's Electric Charge    Tloc/Air       0%         N/A       90%         3
 Arcjolt                  Conj/Air       0%         1d10      100%        5
 Maxwell's Capacitive Co  Air            0%         ∞         100%        8


Dungeon Overview and Level Annotations

Branches:
Dungeon (4/15)
 Temple: D:4-7

Altars:
Kikubaaqudgha
Okawaru
Ru


Innate Abilities, Weirdness & Mutations

You are a hulking beast.
Your limbs bulge with bestial killing power. (Slay +4)
Your natural rate of healing is accelerated.
You have razor-sharp teeth.
You have supernaturally acute eyesight. (SInv)
You are afflicted with vampirism and can become a bat while bloodless.


Message History

The gnoll hits you with a +0 whip.
You hit the gnoll.
You kill the gnoll!
Okawaru accepts your kill. The gnoll closely misses you.
The gnoll hits you from afar with a +0 halberd.
You are too injured to fight recklessly!
You are too injured to fight recklessly!
You are too injured to fight recklessly!
You are too injured to fight recklessly!
You are too injured to fight recklessly!
You are too injured to fight recklessly!
You are too injured to fight recklessly!
You are too injured to fight recklessly!
You are too injured to fight recklessly!
You are too injured to fight recklessly!
You are too injured to fight recklessly!
You are too injured to fight recklessly!
You are too injured to fight recklessly!
The gnoll closely misses you.
You completely miss the gnoll.
The gnoll shouts!
Your bite misses the gnoll. The gnoll hits you with a +0 halberd!
* * * LOW HITPOINT WARNING * * *
The gnoll unwields a +0 flail.
The gnoll wields a +0 sling.
The gnoll shoots a sling bullet.
The sling bullet hits you but does no damage.
The gnoll closely misses you. The gnoll hits you with a +0 halberd!
* * * LOW HITPOINT WARNING * * *
You sock the gnoll!
You kill the gnoll!
Okawaru accepts your kill.
The gnoll unwields a +0 sling.
The gnoll wields a +0 flail.
You block the gnoll's attack. The gnoll closely misses you.
You sock the gnoll!
The gnoll is severely wounded.
The gnoll hits you with a +0 flail.
* * * LOW HITPOINT WARNING * * *
The gnoll hits you with a +0 flail.
You die...

...... #........#
###### ........
........ .
.......######.#
..............
..........
#)#g..# #.)h).+
#.....##
........#
#......######
........#
#...........#
........#
#...........#
........#
###.........#
........#
#.........#
........#
##.........######
.......g#
#..........#....#


You could see a gnoll.

Vanquished Creatures
  Grinder (D:3)
  2 phantoms
  A hound (D:4)
  Ijyb (D:3)
  Jessica (D:2)
  An orc wizard (D:4)
  6 gnolls (D:4)
  3 adders
  A worm (D:2)
  3 dart slugs
  2 orcs
  6 endoplasms
  8 giant cockroaches
  4 goblins
  8 hobgoblins
  7 jackals
  A quokka (D:1)
  10 ball pythons
  6 bats (D:2)
  3 frilled lizards
  4 kobolds
  5 rats
84 creatures vanquished.

Notes
Turn   | Place    | Note
-------+----------+-------------------------------------------
     0 | D:1      | Dordric the Vampire Shapeshifter began the quest for the
                  | Orb.
     0 | D:1      | Reached XP level 1. HP: 14/14 MP: 1/1
    79 | D:1      | Reached XP level 2. HP: 20/20 MP: 2/2
   691 | D:2      | Gained mutation: You are afflicted with vampirism and can
                  | become a bat while bloodless. [Vampire growth]
   691 | D:2      | Reached XP level 3. HP: 25/25 MP: 3/3
   929 | D:2      | Noticed Jessica
   938 | D:2      | Killed Jessica
  1383 | D:3      | Reached XP level 4. HP: 31/31 MP: 4/4
  1387 | D:3      | Noticed a phantom
  1398 | D:3      | Killed a phantom
  1399 | D:3      | Reached skill level 5 in Unarmed Combat
  1399 | D:3      | Reached XP level 5. HP: 25/36 MP: 5/5
  1531 | D:3      | Found an iron altar of Okawaru.
  1730 | D:3      | Became a worshipper of Warmaster Okawaru
  1748 | D:3      | Found an ancient bone altar of Kikubaaqudgha.
  1871 | D:3      | Noticed Grinder
  1882 | D:3      | Killed Grinder
  1882 | D:3      | Reached * piety under Okawaru
  1883 | D:3      | Reached skill level 5 in Shapeshifting
  1883 | D:3      | Reached XP level 6. HP: 30/42 MP: 6/6
  2045 | D:3      | Noticed Ijyb
  2058 | D:3      | Killed Ijyb
  2291 | D:4      | Found a sacrificial altar of Ru.
  2370 | D:4      | Reached XP level 7. HP: 41/47 MP: 7/7
  2722 | D:4      | HP: 1/47 [gnoll/+0 flail (4)]
  2722 | D:4      | Slain by a gnoll

Illustrated notes

Levels and vault maps discovered:
D:1:      heliophobic_arrival_ceremonial_halls, layout_basic
D:2:      layout_loops_ring, grunt_ministairs_12, fountainhead, uniq_jessica
D:3:      layout_loops_cross, okawaru_trees_2, kiku_gazebo_garden_becter,
          serial_park_tiny_2, uniq_ijyb, uniq_grinder
D:4:      layout_basic, nicolae_ru_great_annihilating_truth, uniq_duvessa

Skill      XL: |  1  2  3  4  5  6  7 |
---------------+----------------------+-----
Unarmed Combat | 4 5 6 |  6.9
Shapeshifting  | 4 5 6 |  6.0
Fighting       | |  0.8
Dodging        | |  2.1

Action                     |  1- 3 |  4- 6 |  7- 9 || total
---------------------------+-------+-------+-------++-------
  Melee: Unarmed           |    70 |    42 |       ||   112
         Bite              |     5 |     8 |     2 ||    15
         Mace              |       |    48 |    33 ||    81
         Punch             |       |     1 |     2 ||     3
    Use: Scroll            |     2 |       |     1 ||     3
   Stab: Paralysed         |       |     1 |       ||     1
 Armour: Ring mail         |    11 |    34 |    20 ||    65
         Animal skin       |     5 |       |       ||     5
  Dodge: Dodged            |    31 |    41 |    47 ||   119
  Block: Other             |     1 |    25 |    15 ||    41
         Reflection        |       |     1 |       ||     1

Table legend: (Time is in decaauts)
 A = Elapsed time spent in this place.
 B = Non-inter-level travel time spent in this place.
 C = Inter-level travel time spent in this place.
 D = Time resting spent in this place.
 E = Time spent auto-exploring this place.
 F = Levels seen in this place.
 G = Mean time per level.
                   A        B        C        D        E       F      G
               +--------+--------+--------+--------+--------+-----+--------+
         Total |   2801 |   2675 |    126 |    118 |   1934 |   4 |  700.2 |
       Dungeon |   2801 |   2675 |    126 |    118 |   1934 |   4 |  700.2 |
               +--------+--------+--------+--------+--------+-----+--------+

Top non-repeatable levels by time:
     D:3: 956 daAuts
     D:2: 749 daAuts
     D:1: 599 daAuts
     D:4: 496 daAuts
